 Dungeon Crawl Stone Soup version 0.25-a0-292-gaa31f046c4 (webtiles) character file.

Game seed: 437864399680530718, levelgen mode: deterministic

3578 CheeseeCupcake the Basher (level 10, -1/65 HPs)
             Began as a Gargoyle Fighter on Dec 15, 2019.
             Was an Elder of Okawaru.
             Succumbed to barbed spike wounds
             ... on level 8 of the Dungeon.
             The game lasted 00:33:21 (6638 turns).

CheeseeCupcake the Basher (Gargoyle Fighter)        Turns: 6638, Time: 00:33:22

Health: -1/65      AC: 22    Str: 24    XL:     10   Next: 10%
Magic:  10/10      EV:  3    Int:  8    God:    Okawaru [****..]
Gold:   401        SH: 18    Dex:  9    Spells: 9/9 levels left

rFire    + + .     SeeInvis +   a - +5 whip (venom)
rCold    + . .     Gourm    .   p - +2 large shield {AC+3}
rNeg     + . .     Faith    .   y - +0 plate armour
rPois    ∞         Spirit   .   l - +0 helmet
rElec    +         Reflect  .   u - scarf {rC+ rF+}
rCorr    .         Harm     .   (no gloves)
MR       .....                  (no boots)
Stlth    ..........             (no amulet)
HPRegen  0.20/turn              k - ring of see invisible
MPRegen  0.12/turn              q - ring of protection from fire

@: barbed spikes
A: negative energy resistance 1, electricity resistance, unbreathing,
petrification resistance, rot immunity, AC +7
a: Heroism, Renounce Religion


You were on level 8 of the Dungeon.
You worshipped Okawaru.
Okawaru was greatly pleased with you.
You were hungry.

You visited 2 branches of the dungeon, and saw 9 of its levels.

You collected 401 gold pieces.

Inventory:

Hand Weapons
 a - a +5 whip of venom (weapon)
 b - a +2 flail of pain
Armour
 l - a +0 helmet (worn)
 p - a +2 large shield of protection (worn)
 u - a scarf of resistance (worn)
 y - a +0 plate armour (worn)
Jewellery
 k - a ring of see invisible (left hand)
 q - a ring of protection from fire (right hand)
Wands
 t - a wand of flame (11)
 A - a wand of polymorph (17)
 J - a wand of random effects (27)
 K - a wand of iceblast (12)
Scrolls
 e - 2 scrolls of teleportation
 g - 2 scrolls of identify
 i - a scroll of fear
 j - a scroll of fog {unknown}
 n - a scroll of blinking
 o - a scroll of enchant armour {unknown}
 r - a scroll of enchant weapon
 w - a scroll of immolation {unknown}
 x - a scroll of amnesia {unknown}
 z - a scroll of brand weapon {unknown}
 B - a scroll of acquirement {unknown}
 F - 2 scrolls of magic mapping {unknown}
 I - a scroll of remove curse {unknown}
Potions
 c - a potion of experience {unknown}
 d - a potion of might
 h - 4 potions of curing
 m - a potion of flight {unknown}
 s - a potion of heal wounds {unknown}
 v - a potion of lignification {unknown}
 C - a potion of berserk rage {unknown}
 G - a potion of magic {unknown}
 H - a potion of ambrosia {unknown}
Comestibles
 f - 13 rations


   Skills:
 + Level 8.6 Fighting
 * Level 10.4 Maces & Flails
 - Level 3.2 Armour
 + Level 8.0 Shields


You had 9 spell levels left.
You didn't know any spells.
Your spell library contained the following spells:

 Spells                   Type           Power        Failure   Level  Hunger
 Animate Skeleton         Necr           N/A          100%        1    ##.....
 Pain                     Necr           #...         100%        1    ##.....
 Regeneration             Chrm/Necr      #.........   100%        3    ####...
 Vampiric Draining        Necr           #.........   100%        3    ####...
 Animate Dead             Necr           N/A          100%        4    #####..


Dungeon Overview and Level Annotations

Branches:
Dungeon (8/15)             Temple (1/1) D:4
   Lair: D:8-11

Altars:
Ashenzari
Cheibriados
Dithmenos
Elyvilon
Fedhas
Hepliaklqana
Makhleb
Nemelex Xobeh
Okawaru
Qazlal
Ru
Trog
Uskayaw
Vehumet
Wu Jian
Xom
Yredelemnul
Zin
The Shining One

Annotations:
D:4 2 runed translucent doors, exclusion: 2 doors, Slyspawn's ghost, novice GrFi


Innate Abilities, Weirdness & Mutations

You are resistant to torment.
Your stone body is resilient. (AC +7)
You are immune to poison.
You resist negative energy. (rN+)
You are resistant to electric shocks. (rElec)
You can survive without breathing.
You are immune to petrification.
You are immune to rotting.


Message History

The manticore flicks its tail.
You block the volley of spikes.
You see here a giant cockroach corpse.
You butcher the giant cockroach corpse.
You see here 2 chunks of flesh.
The manticore flicks its tail.
You block the volley of spikes.
The manticore flicks its tail.
The volley of spikes hits you!
The barbed spikes become lodged in your body.
* * * LOW HITPOINT WARNING * * *
The barbs in your skin will harm you if you move.
Continue?
The barbed spikes dig painfully into your body as you move.
* * * LOW HITPOINT WARNING * * *
The barbed spikes dig painfully into your body as you move.
* * * LOW HITPOINT WARNING * * *
The barbed spikes dig painfully into your body as you move.
* * * LOW HITPOINT WARNING * * *
The barbed spikes dig painfully into your body as you move.
You die...

...####.#....###
#.# ...#
<#......####.#
#.##...#
...###### #.#
#%##.### #.##
#.# #H##. #.#
#.# #.# #.# #.#
#.# #.# #.# #.#
#.# #.#####.# #.
#....@..#
#########


There were no monsters in sight!

Vanquished Creatures
  Joseph (D:7)
  A hippogriff (D:6)
  Edmund (D:6)
  Menkaure (D:4)
  Duvessa (D:6)
  3 ice beasts
  An ogre (D:3)
  A phantom (D:7)
  2 sky beasts
  5 centaurs
  A big kobold (D:7)
  Blork the orc (D:3)
  2 bullfrogs
  A water moccasin zombie (D:6)
  Dowan (D:6)
  A water moccasin skeleton (D:4)
  A howler monkey (D:3)
  A jelly (D:7)
  4 crimson imps
  A bullfrog zombie (D:7)
  2 orc priests
  2 hounds
  A gnoll shaman (D:7)
  A bullfrog skeleton (D:5)
  2 iguanas
  A centaur skeleton (D:4)
  7 orc wizards
  14 worker ants
  A hound skeleton (D:5)
  A mummy (D:7)
  3 gnolls (D:2)
  8 adders
  4 shadow imps
  3 worms
  A dart slug (D:1)
  3 leopard geckos
  26 orcs
  5 bats
  4 giant cockroaches
  5 goblins
  2 hobgoblins (D:3)
  11 jackals
  6 quokkas
  A ball python (D:2)
  A ball python skeleton (D:4)
  7 frilled lizards
  7 kobolds
  A leopard gecko skeleton (D:4)
  A leopard gecko zombie (D:5)
  2 quokka skeletons
  A quokka zombie (D:8)
  3 rats
168 creatures vanquished.

Notes
Turn   | Place    | Note
-------+----------+-------------------------------------------
     0 | D:1      | CheeseeCupcake the Gargoyle Fighter began the quest for the
                  | Orb.
     0 | D:1      | Reached XP level 1. HP: 14/14 MP: 1/1
   100 | D:1      | Reached XP level 2. HP: 19/19 MP: 2/2
   436 | D:2      | Reached skill level 3 in Maces & Flails
   461 | D:2      | Reached XP level 3. HP: 15/24 MP: 3/3
   723 | D:2      | Found a hide-covered altar of Uskayaw.
   725 | D:2      | Noticed a +0 dagger
   726 | D:2      | Noticed a +0 dagger
  1035 | D:2      | Reached XP level 4. HP: 7/29 MP: 4/4
  1467 | D:2      | Reached skill level 4 in Maces & Flails
  1821 | D:3      | Found a blossoming altar of Fedhas.
  2353 | D:4      | Reached XP level 5. HP: 31/34 MP: 5/5
  2357 | D:4      | Found a shadowy altar of Dithmenos.
  2358 | D:4      | Noticed an ogre
  2360 | D:4      | Noticed Blork the orc
  2377 | D:3      | Killed an ogre
  2377 | D:3      | Reached skill level 5 in Maces & Flails
  2377 | D:3      | Reached XP level 6. HP: 9/39 MP: 6/6
  2714 | D:3      | Killed Blork the orc
  2714 | D:3      | Reached skill level 5 in Fighting
  2763 | D:4      | Found a runed translucent door.
  2766 | D:4      | Noticed Slyspawn's ghost (novice GrFi)
  2776 | D:4      | Found a staircase to the Ecumenical Temple.
  2788 | Temple   | Entered the Ecumenical Temple
  2866 | Temple   | Became a worshipper of Warmaster Okawaru
  2891 | D:4      | Noticed Menkaure
  3082 | D:4      | Killed Menkaure
  3082 | D:4      | Reached skill level 6 in Maces & Flails
  3082 | D:4      | Reached XP level 7. HP: 35/44 MP: 7/7
  3324 | D:4      | Found a runed translucent door.
  3733 | D:5      | Entered Level 5 of the Dungeon
  3734 | D:5      | Reached * piety under Okawaru
  3740 | D:4      | Reached skill level 5 in Shields
  3896 | D:4      | Reached XP level 8. HP: 41/51 MP: 8/8
  3914 | D:4      | Reached skill level 7 in Maces & Flails
  4697 | D:4      | Reached ** piety under Okawaru
  4725 | D:5      | Reached skill level 8 in Maces & Flails
  4999 | D:6      | Found a shadowy altar of Dithmenos.
  5011 | D:6      | Reached XP level 9. HP: 54/57 MP: 9/9
  5195 | D:6      | Reached *** piety under Okawaru
  5206 | D:6      | Reached skill level 9 in Maces & Flails
  5318 | D:6      | Noticed Dowan
  5319 | D:6      | Noticed Duvessa
  5339 | D:6      | Killed Duvessa
  5347 | D:6      | Killed Dowan
  5395 | D:6      | Noticed Edmund
  5408 | D:6      | Killed Edmund
  5408 | D:6      | Received a gift from Okawaru
  5641 | D:7      | Found a snail-covered altar of Cheibriados.
  5701 | D:7      | Found a white marble altar of Elyvilon.
  5797 | D:7      | Noticed Joseph
  5807 | D:7      | Killed Joseph
  6048 | D:7      | Reached skill level 10 in Maces & Flails
  6109 | D:7      | Reached XP level 10. HP: 65/65 MP: 10/10
  6114 | D:7      | Reached **** piety under Okawaru
  6169 | D:7      | Found a shattered altar of Ashenzari.
  6619 | D:8      | Noticed a manticore
  6638 | D:8      | Succumbed to barbed spike wounds

Levels and vault maps discovered:
D:1:      moated_graveyard_arrival, layout_rooms, minmay_misc_feat_pillars,
          serial_bayou_crossing
D:2:      layout_loops_ring, dancing_weapons_uskayaw
D:3:      layout_basic, lemuel_round_altar, first_ration
D:4:      layout_loops_cross, minmay_temple_entry_offerings,
          ebering_ghost_sewer_f, nicolae_dithmenos_the_darkroom,
          uniq_blork_the_orc, uniq_menkaure
D:5:      layout_rooms
D:6:      layout_rooms, basic_altar, uniq_duvessa, uniq_edmund
D:7:      cheibrodos_barr_body, layout_loops_corners, overflow_temple_1_default,
          slow_altar_1, lemuel_round_altar, uniq_joseph
D:8:      layout_loops_ring, tgw_sif, david_nohive_1, nicolae_lava_and_water,
          uniq_maurice
Temple:   nicolae_temple_great_sept

Skill      XL: |  1  2  3  4  5  6  7  8  9 10 |
---------------+-------------------------------+-----
Maces & Flails | 3 4 5 6 8 10 | 10.4
Fighting       | 4 5 7 8 |  8.6
Shields        | 4 5 6 7 8 |  8.0
Armour         | |  3.2

Action                   |  1- 3 |  4- 6 |  7- 9 | 10-12 || total
-------------------------+-------+-------+-------+-------++-------
Melee: Flail             |    13 |       |       |       ||    13
       Whip              |    74 |    92 |   383 |    47 ||   596
  Use: Scroll            |       |     2 |     4 |       ||     6
  Eat: Chunk             |       |     3 |     7 |     1 ||    11
       Ration            |       |     1 |     1 |       ||     2
Armor: Scale mail        |    44 |    53 |    86 |       ||   183
       Plate armour      |       |       |   102 |    10 ||   112
Dodge: Dodged            |    28 |    45 |   114 |       ||   187
Block: Shield            |    31 |    16 |       |       ||    47
       Large shield      |       |       |    50 |    26 ||    76

Table legend:
 A = Non-vault XP
 B = Vault XP
 C = Vault XP percentage of total XP
 D = Non-vault monster count
 E = Vault monster count
 F = Vault count percentage of total count
                 A         B        C        D         E       F
            +---------+---------+-------+---------+---------+-------
      Total |    3646 |    1466 |  28.7 |     151 |      17 |  10.1
            +---------+---------+-------+---------+---------+-------
        D:1 |      20 |       0 |   0.0 |      11 |       0 |   0.0
        D:2 |     106 |       0 |   0.0 |      25 |       0 |   0.0
        D:3 |     278 |      87 |  23.8 |      20 |       1 |   4.8
        D:4 |     957 |     172 |  15.2 |      38 |       1 |   2.6
        D:5 |     659 |       0 |   0.0 |      22 |       0 |   0.0
        D:6 |     712 |     400 |  36.0 |      12 |       3 |  20.0
        D:7 |     861 |     807 |  48.4 |      20 |      12 |  37.5
        D:8 |      53 |       0 |   0.0 |       3 |       0 |   0.0
            +---------+---------+-------+---------+---------+-------
